 Dungeon Crawl Stone Soup version 0.30.0-10-gfe55d96785 (webtiles) character file.

Game seed: 6726937359807107015

1560 RKaid the Trooper (level 8, -4/67 HPs)
             Began as a Demonspawn Wanderer on May 16, 2023.
             Killed from afar by an electric eel (9 damage)
             ... with a bolt of electricity
             ... on level 6 of the Dungeon.
             The game lasted 00:20:29 (5704 turns).

RKaid the Trooper (Demonspawn Wanderer)             Turns: 5704, Time: 00:20:30

Health: -4/67      AC: 11    Str: 15    XL:     8   Next: 58%
Magic:  9/9        EV: 11    Int: 13    God:
Gold:   288        SH:  0    Dex: 19    Spells: 8/9 levels left

rFire   . . .        a - +0 quarterstaff
rCold   . . .        (shield currently unavailable)
rNeg    . . .        b - +0 scale mail
rPois   +            (no helmet)
rElec   .            k - +0 cloak
rCorr   .            (no gloves)
SInv    .            (no boots)
Will    .....        f - amulet of regeneration Stlth
                     B - ring of poison resistance {rPois}
HPRegen 1.11/turn    x - +6 ring of dexterity
MPRegen 0.11/turn

%: no passive effects
@: unable to read, unable to drink
A: icy blue scales 2, demonic touch 1, wild magic 1, inability to drink after
injury 1, inability to read after injury 1
a: no special abilities


You were on level 6 of the Dungeon.
You visited 2 branches of the dungeon, and saw 7 of its levels.
You also visited: Sewer.

You collected 288 gold pieces.

Inventory:

Hand Weapons
 a - a +0 quarterstaff (weapon)
Armour
 b - a +0 scale mail (worn)
 k - a +0 cloak (worn)
   (You found it on level 2 of the Dungeon)
Magical Staves
 n - a staff of cold {rC+}
   (You found it on level 6 of the Dungeon)
Jewellery
 f - an amulet of regeneration (around neck)
   (You found it on level 1 of the Dungeon)
 u - a ring of fire {rF+, rC-}
   (You found it on level 3 of the Dungeon)
 x - a +6 ring of dexterity (right hand)
   (You took it off a gnoll on level 5 of the Dungeon)
 A - a ring of positive energy {rN+}
   (You found it on level 5 of the Dungeon)
 B - a ring of poison resistance (left hand) {rPois}
   (You took it off a gnoll on level 4 of the Dungeon)
Scrolls
 e - 3 scrolls of immolation {!r}
 g - 2 scrolls of enchant weapon
 j - a scroll of silence {unknown}
 l - a scroll of blinking {!r}
 o - a scroll of fear
 q - 2 scrolls of vulnerability {!r!r}
 r - a scroll of enchant armour {unknown}
 s - a scroll of fog
 t - a scroll of teleportation
 v - a scroll of noise {unknown}
 w - a scroll of butterflies {unknown}
 y - a scroll of amnesia {unknown}
Potions
 c - 3 potions of curing
 d - 5 potions of brilliance
 h - 2 potions of heal wounds
 i - a potion of degeneration {unknown}
 m - a potion of resistance {unknown}
 p - a potion of lignification {!q}
 z - a potion of cancellation {unknown}


   Skills:
 + Level 7.4 Fighting
 - Level 3.5 Staves
 - Level 5.7 Armour
 + Level 3.1 Dodging
 - Level 1.0 Spellcasting
 - Level 3.0 Hexes
 - Level 1.2 Invocations


You had 8 spell levels left.
You knew the following spells:

 Your Spells              Type           Power      Damage    Failure   Level
s - Slow                  Hex            40%        N/A       36%         1

Your spell library contained the following spells:

 Spells                   Type           Power      Damage    Failure   Level
 Ensorcelled Hibernation  Hex/Ice        10%        N/A       69%         2
 Portal Projectile        Hex/Tloc       10%        N/A       88%         3
 Summon Guardian Golem    Hex/Summ       5%         N/A       88%         3
 Frozen Ramparts          Ice            0%         1d1       98%         3
 Ice Form                 Ice/Tmut       0%         N/A       100%        4
 Summon Ice Beast         Ice/Summ       0%         N/A       100%        4
 Orb of Destruction       Conj           0%         9d5       100%        7
 Spellforged Servitor     Conj/Summ      0%         N/A       100%        7


Dungeon Overview and Level Annotations

Branches:
Dungeon (6/15)             Temple (1/1) D:6           Sewer (visited)

Altars:
Ashenzari
Cheibriados
Dithmenos
Fedhas
Gozag
Hepliaklqana
Kikubaaqudgha
Makhleb
Okawaru
Qazlal
Ru
Sif Muna
Trog
Vehumet
Wu Jian

Shops:
D:4 :((


Innate Abilities, Weirdness & Mutations

You are mostly covered in icy blue scales. (AC +3)
Your touch may inflict minor irresistible damage on your foes.
Your spells are a little harder to cast, but a little more powerful.
You occasionally lose the ability to drink potions when taking damage.
You occasionally lose the ability to read scrolls when taking damage.


Message History

Found an opulent altar of Gozag.
Found a blossoming altar of Fedhas.
Found a snail-covered altar of Cheibriados.
Found a glowing golden altar of the Shining One.
Done exploring.
Done exploring.
Done exploring.
Done exploring.
Done exploring.
There is a staircase back to the Dungeon here.
There is a staircase back to the Dungeon here.
There is an opulent altar of Gozag here.
There is a fountain of clear blue water here.
There is a staircase back to the Dungeon here.
You can't go down here!
You climb upwards.
Welcome back to the Dungeon!
There is a staircase to the Ecumenical Temple here.
i - a brown potion A shadow imp and an electric eel come into view.
The shadow imp shouts!
A hound comes into view.
The hound barks!
You see here a scroll of teleportation.
t - a scroll of teleportation
B - a ring of poison resistance (left hand) {rPois} You closely miss the hound.
The hound barely misses you. The hound closely misses you.
You hit the hound. The hound bites you but does no damage.
An electric eel comes into view.
The hound closely misses you.
You hit the hound but do no damage.
The electric eel shoots out a bolt of lightning at you!
The bolt of electricity hits you. The hound completely misses you.
The shadow imp gestures at you. Pain shoots through your body!
You hit the hound. The hound barely misses you.
The hound bites you but does no damage. The hound barely misses you.
The electric eel shoots out a bolt of lightning at you!
The bolt of electricity misses the hound.
The bolt of electricity hits you. x2; The hound barely misses you.
You miss the hound. The hound bites you but does no damage.
The electric eel shoots out a bolt of lightning at you!
The bolt of electricity hits the hound!
The hound dies!
The bolt of electricity misses you. The bolt of electricity hits you!
The electric eel shoots out a bolt of lightning at you!
The bolt of electricity hits the shadow imp.
The bolt of electricity hits you.
You hit the shadow imp but do no damage.
The shadow imp hits you but does no damage.
The electric eel shoots out a bolt of lightning at you!
The bolt of electricity hits the shadow imp!
The shadow imp dies!
The bolt of electricity hits you!
You feel threatened and lose the ability to read scrolls!
The electric eel shoots out a bolt of lightning at you!
The bolt of electricity misses you.
The electric eel shoots out a bolt of lightning at you!
The bolt of electricity hits you!
* * * LOW HITPOINT WARNING * * *
You miss the electric eel.
The electric eel shoots out a bolt of lightning at you!
The bolt of electricity misses the electric eel.
The bolt of electricity hits you but does no damage.
The electric eel shoots out a bolt of lightning at you!
The bolt of electricity hits you!
* * * LOW HITPOINT WARNING * * *
You completely miss the electric eel.
The electric eel shoots out a bolt of lightning at you!
The bolt of electricity hits the electric eel.
The electric eel completely resists.
The bolt of electricity hits you.
* * * LOW HITPOINT WARNING * * *
You cannot read scrolls in your current state!
You feel much better.
The electric eel shoots out a bolt of lightning at you!
The bolt of electricity hits the electric eel.
The electric eel completely resists.
The bolt of electricity hits you.
The electric eel shoots out a bolt of lightning at you!
The bolt of electricity hits you!
You sock the electric eel!
You can read scrolls again.
The electric eel shoots out a bolt of lightning at you!
The bolt of electricity hits the electric eel.
The electric eel completely resists.
The bolt of electricity misses you.
An electric eel comes into view.
The electric eel shoots out a bolt of lightning at you!
The bolt of electricity hits you!
* * * LOW HITPOINT WARNING * * *
The electric eel shoots out a bolt of lightning at you!
The bolt of electricity hits you!
You feel threatened and lose the ability to read scrolls!
You feel threatened and lose the ability to drink potions!
* * * LOW HITPOINT WARNING * * *
The electric eel shoots out a bolt of lightning at you!
The bolt of electricity hits you!
* * * LOW HITPOINT WARNING * * *
The electric eel shoots out a bolt of lightning at you!
The bolt of electricity hits you!
You die...

≈≈ ♣~.....# ≈≈≈≈~♣~.....#
≈≈≈≈~♣♣.....# ..
≈≈≈≈≈P~♣♣.....# ...
≈≈≈≈≈P~~S.....# ....
≈≈≈≈≈SPS......#...# .....#
~≈≈≈~P~♣......#...# (......
~~≈~P♣ ♣......#...# .......
~~~~P~♣♣.....@+...+ ......
~~P~~~~.......#...# #....
~♣~~~♣.......#...# ##...
~~P~♣?.......#...# #...
~~~P.##..........#########...
~~~. #..##..#.....).........
♣~~# ##......#..#####.##.....
♣~♣. ....#...#..#####+##.....
# . ....#...#...............


You could see 2 electric eels.

Vanquished Creatures
  Sigmund (D:5)
  Menkaure (D:5)
  Duvessa (D:5)
  A black bear (D:5)
  4 kobold brigands
  A gnoll sergeant (D:4)
  Dowan (D:5)
  2 jellies
  An orc priest (D:6)
  A hound (D:5)
  A gnoll bouda (D:4)
  A sleepcap (D:4)
  2 iguanas (D:4)
  An orc wizard (D:6)
  9 river rats
  14 adders
  7 gnolls
  2 ufetubi
  5 worms
  2 dart slugs (D:3)
  9 orcs
  14 ball pythons
  9 bats
  10 endoplasms
  4 giant cockroaches
  9 goblins
  8 hobgoblins
  6 jackals (D:2)
  5 quokkas
  2 frilled lizards (D:1)
  24 kobolds
  14 rats
172 creatures vanquished.

Vanquished Creatures (others)
  A hound (D:6)
  A shadow imp (D:6)
2 creatures vanquished.

Grand Total: 174 creatures vanquished

Notes
Turn   | Place    | Note
-------+----------+-------------------------------------------
     0 | D:1      | RKaid the Demonspawn Wanderer began the quest for the Orb.
     0 | D:1      | RKaid set off with the following items: a +0 quarterstaff,
                  | a +0 scale mail, a scroll of teleportation; and the
                  | following spell memorised: Slow; and the following spells
                  | available to memorise: Ensorcelled Hibernation, Portal
                  | Projectile.
     0 | D:1      | Reached XP level 1. HP: 16/16 MP: 2/2
   118 | D:1      | Gained mutation: You are partially covered in icy blue
                  | scales. (AC +2) [demonic ancestry]
   118 | D:1      | Reached XP level 2. HP: 7/22 MP: 3/3
   691 | D:1      | Reached XP level 3. HP: 28/28 MP: 4/4
  1355 | D:2      | Reached skill level 2 in Staves
  1412 | D:2      | Reached skill level 2 in Armour
  1569 | D:3      | Reached XP level 4. HP: 34/34 MP: 5/5
  1579 | D:3      | Reached skill level 3 in Fighting
  1603 | D:3      | Noticed a kobold brigand
  1619 | D:3      | Killed a kobold brigand
  1619 | D:3      | HP: 8/35 [poisoned by a kobold brigand]
  1620 | D:3      | Gained mutation: Your touch may inflict minor irresistible
                  | damage on your foes. [demonic ancestry]
  1620 | D:3      | Reached XP level 5. HP: 10/41 MP: 6/6
  1624 | D:3      | HP: 9/41 [poisoned by a kobold brigand]
  2659 | D:4      | Gained mutation: Your spells are a little harder to cast,
                  | but a little more powerful. [potion of mutation]
  2659 | D:4      | Gained mutation: You occasionally lose the ability to drink
                  | potions when taking damage. [potion of mutation]
  2659 | D:4      | Gained mutation: You occasionally lose the ability to read
                  | scrolls when taking damage. [potion of mutation]
  2846 | D:4      | Reached skill level 3 in Staves
  2846 | D:4      | Reached skill level 3 in Armour
  2892 | D:4      | Gained mutation: You are mostly covered in icy blue scales.
                  | (AC +3) [demonic ancestry]
  2892 | D:4      | Reached XP level 6. HP: 20/48 MP: 7/7
  3073 | D:4      | Reached skill level 4 in Fighting
  3082 | D:4      | Found Qiucudd's Weapon Shoppe.
  3083 | D:4      | Found Qaurgham's Book Shoppe.
  3083 | D:4      | Found Luihit's Weapon Shoppe.
  3740 | D:5      | Entered Level 5 of the Dungeon
  3845 | D:5      | Noticed Menkaure
  3857 | D:5      | Noticed Sigmund
  3865 | D:5      | Killed Sigmund
  3866 | D:5      | Reached skill level 5 in Fighting
  3866 | D:5      | Reached skill level 4 in Armour
  3866 | D:5      | Reached XP level 7. HP: 54/56 MP: 8/8
  3931 | D:5      | Killed Menkaure
  3939 | D:5      | Reached skill level 5 in Armour
  3995 | D:5      | Found a glowing drain.
  4003 | Sewer    | Entered a sewer
  4049 | Sewer    | HP: 8/57 [poisoned by a kobold brigand (curare-tipped
                  | dart)]
  4052 | Sewer    | Reached skill level 6 in Fighting
  4199 | Sewer    | Reached XP level 8. HP: 58/64 MP: 9/9
  5052 | D:5      | Noticed Dowan
  5052 | D:5      | Noticed Duvessa
  5071 | D:5      | Killed Dowan
  5101 | D:5      | Killed Duvessa
  5102 | D:5      | Reached skill level 2 in Dodging
  5195 | D:5      | Reached skill level 7 in Fighting
  5403 | D:6      | Found a staircase to the Ecumenical Temple.
  5454 | D:6      | Reached skill level 3 in Dodging
  5494 | Temple   | Entered the Ecumenical Temple
  5697 | D:6      | HP: 13/67 [electric eel/bolt of electricity (7)]
  5703 | D:6      | HP: 4/67 [electric eel/bolt of electricity (7)]
  5704 | D:6      | Killed from afar by an electric eel

Illustrated notes

Levels and vault maps discovered:
D:1:      eino_arrival_water_star, layout_loops_cross, serial_forest,
          infiniplex_forest_lined_room_2, infiniplex_forest_clump_cross,
          infiniplex_forest_clump_C, infiniplex_forest_corner_2,
          infiniplex_forest_straight_1
D:2:      layout_basic
D:3:      cheibrodos_thug_alley, layout_loops_corners, serial_bayou,
          serial_bayou_lagoon_a, serial_bayou_shore_a, serial_bayou_pond_d,
          serial_bayou_pond_d, serial_bayou_ford_a
D:4:      layout_basic, serial_glass, glass_columns_a, glass_columns_c,
          glass_columns_a, nicolae_shop_distant_corner_stores,
          corexii_corridor_pit
D:5:      layout_gridville, lightli_sewer_entry_pipes, uniq_sigmund,
          uniq_menkaure, uniq_duvessa
D:6:      layout_basic, marbit_many_paths, minmay_temple_entry_butterflies,
          serial_bayou_lake_a
Temple:   compressed_dpeg_circular_temple

Skill      XL: |  1  2  3  4  5  6  7  8 |
---------------+-------------------------+-----
Staves         | 2 3 |  3.5
Armour         | 2 3 4 5 |  5.7
Fighting       | 3 5 6 7 |  7.4
Dodging        | 3 |  3.1
Spellcasting   | |  1.0
Hexes          | |  3.0
Invocations    | |  1.2

Action                     |  1- 3 |  4- 6 |  7- 9 || total
---------------------------+-------+-------+-------++-------
  Melee: Quarterstaff      |   163 |   257 |   317 ||   737
  Evoke: Wand              |       |     9 |     5 ||    14
    Use: Potion            |       |     2 |     3 ||     5
         Scroll            |       |     7 |     5 ||    12
 Armour: Scale mail        |   110 |   146 |   250 ||   506
  Dodge: Dodged            |   113 |   141 |   236 ||   490

Table legend: (Time is in decaauts)
 A = Elapsed time spent in this place.
 B = Non-inter-level travel time spent in this place.
 C = Inter-level travel time spent in this place.
 D = Time resting spent in this place.
 E = Time spent auto-exploring this place.
 F = Levels seen in this place.
 G = Mean time per level.
                   A        B        C        D        E       F      G
               +--------+--------+--------+--------+--------+-----+--------+
         Total |   6105 |   5737 |    368 |    285 |   3584 |   8 |  763.1 |
       Dungeon |   5028 |   4660 |    368 |    237 |   3001 |   6 |  838.0 |
        Temple |    141 |    141 |      0 |      0 |     64 |   1 |  141.0 |
         Sewer |    934 |    934 |      0 |     48 |    519 |   1 |  934.0 |
               +--------+--------+--------+--------+--------+-----+--------+

Top non-repeatable levels by time:
     D:4: 1208 daAuts
     D:3: 1184 daAuts
   Sewer: 934 daAuts
     D:1: 861 daAuts
     D:5: 830 daAuts
     D:2: 712 daAuts
     D:6: 230 daAuts
  Temple: 141 daAuts

Table legend:
 A = Kills in this place as a percentage of kills in the entire game.
 B = Kills by you in this place as a percentage of kills by you in the entire game.
 C = Kills by friends in this place as a percentage of kills by friends in the entire game.
 D = Other kills in this place as a percentage of other kills in the entire game.
 E = Experience gained in this place as a percentage of experience gained in the entire game.
 F = Experience gained in this place divided by the number of levels of this place that you have seen.
                   A       B       C       D       E      F
               +-------+-------+-------+-------+-------+----------------------
         Total | 100.0 | 100.0 |   N/A | 100.0 | 100.0 | 278.6
       Dungeon |  83.8 |  83.7 |   N/A | 100.0 |  84.8 | 315.0
         Sewer |  16.2 |  16.3 |   N/A |   0.0 |  15.2 | 339.0
               +-------+-------+-------+-------+-------+----------------------
